 Dungeon Crawl Stone Soup version 0.22.1-1-ga44c0e5 (webtiles) character file.

4083 MalarOregon the Transmogrifier (level 10, -1/77 HPs)
             Began as a Merfolk Transmuter on Nov 11, 2018.
             Was a Follower of Ru.
             Killed from afar by a hungry ghost (5 damage)
             ... with an exploding inner flame
             ... hexed by the player character
             ... on level 7 of the Dungeon.
             The game lasted 00:31:50 (10814 turns).

MalarOregon the Transmogrifier (MfTm)              Turns: 10814, Time: 00:31:51

Health: -1/77      AC: 27    Str: 15    XL:     10   Next: 25%
Magic:  0/17       EV: -4    Int: 18    God:    Ru [*.....]
Gold:   516        SH: 10    Dex: 20    Spells: 9/19 levels left

rFire    + + .     SeeInvis .   i - +2 whip of Moral Flaws {slash, rElec rF+ Str+4 Dex+5}
rCold    + . .     Gourm    +   x - +1 shield {reflect}
rNeg     + . .     Faith    .   o - +9 scales of the Dragon King {rPois rF+ rC+ MR+}
rPois    +         Spirit   +   q - +2 hat of the Bear Spirit {Spirit, +Rage rN+ MR++}
rElec    +         Reflect  +   r - +2 cloak {rPois}
rCorr    .         Harm     .   (no gloves)
MR       +++..                  (no boots)
Stlth    ..........             j - amulet of the gourmand
HPRegen  0.22/turn              s - +3 ring of intelligence
MPRegen  0.15/turn              n - ring of poison resistance

@: berserk cooldown, slowed, drained, very slow
A: change form in water, swift swim, stealthy swim, reduced EV 1
a: Renounce Religion, Evoke Berserk Rage


You were on level 7 of the Dungeon.
You worshipped Ru.
Ru was aware of your devotion.
You were very hungry.

You visited 2 branches of the dungeon, and saw 9 of its levels.

You collected 516 gold pieces.

Inventory:

Hand Weapons
 i - the +2 whip of Moral Flaws (weapon) {slash, rElec rF+ Str+4 Dex+5}
   (You found it on level 4 of the Dungeon)

   It inflicts extra damage upon your enemies.
   It affects your strength (+4).
   It affects your dexterity (+5).
   It protects you from fire.
   It insulates you from electricity.
Missiles
 a - 57 arrows
 f - 2 throwing nets (quivered) {!f}
 t - 4 needles of confusion
Armour
 b - a +1 robe
 d - the +0 scale mail "Vyos" {Dex+5}
   (You found it on level 4 of the Dungeon)

   It affects your dexterity (+5).
 o - the +9 scales of the Dragon King (worn) {rPois rF+ rC+ MR+}
   (You found it on level 3 of the Dungeon)

   It protects you from fire.
   It protects you from cold.
   It protects you from poison.
   It affects your resistance to hostile enchantments.
 q - the +2 hat of the Bear Spirit (worn) {Spirit, +Rage rN+ MR++}
   (You found it on level 3 of the Dungeon)

   It protects you from negative energy.
   It affects your resistance to hostile enchantments.
   It lets you go berserk.
 r - a +2 cloak of poison resistance (worn)
   (You took it off Crazy Yiuf on level 3 of the Dungeon)
 x - a +1 shield of reflection (worn)
   (You found it on level 6 of the Dungeon)
 A - a +1 robe of magic resistance
   (You took it off Sigmund on level 6 of the Dungeon)
Jewellery
 j - an amulet of the gourmand (around neck)
   (You took it off an orc on level 4 of the Dungeon)
 n - a ring of poison resistance (right hand)
   (You found it on level 3 of the Dungeon)
 s - a +3 ring of intelligence (left hand)
   (You found it on level 3 of the Dungeon)
Wands
 c - a wand of disintegration (12)
   (You found it on level 2 of the Dungeon)
Scrolls
 h - 4 scrolls of identify {@r1}
 k - a scroll of immolation {!r}
 l - a scroll of amnesia
 m - 4 scrolls of remove curse {@r2}
 v - a scroll of blinking {unknown}
 D - a scroll of magic mapping
 G - 3 scrolls of enchant armour
Potions
 g - 2 potions of berserk rage {unknown}
 u - a potion of resistance {unknown}
 w - 2 potions of mutation {unknown}
 z - a potion of lignification {unknown}
 B - 2 potions of might {unknown}
 H - a potion of magic {unknown}
Comestibles
 e - 10 rations {!d}


   Skills:
 + Level 6.6(6.3) Fighting
 + Level 3.0(2.7) Armour
 + Level 8.4(8.0) Dodging
 + Level 2.8(2.5) Shields
 + Level 7.4(7.1) Unarmed Combat
 + Level 5.1(4.8) Spellcasting
 + Level 8.4(8.0) Transmutations
 + Level 2.5(2.2) Evocations


You had 9 spell levels left.
You knew the following spells:

 Your Spells              Type           Power        Failure   Level  Hunger
a - Beastly Appendage     Tmut           ####..       100%        1    None
c - Ice Form              Ice/Tmut       ###.....     100%        4    ####...
s - Sticks to Snakes      Tmut           ####....     100%        2    #......
x - Spider Form           Tmut/Pois      ###.......   100%        3    ###....

Your spell library contained the following spells:

 Spells                   Type           Power        Failure   Level  Hunger
 Magic Dart               Conj           #...         100%        1    None
 Summon Small Mammal      Summ           #...         100%        1    None
 Blink                    Tloc           N/A          100%        2    #......
 Call Imp                 Summ           #.......     100%        2    #......
 Slow                     Hex            #.......     100%        2    #......
 Call Canine Familiar     Summ           #.......     100%        3    ###....
 Conjure Flame            Conj/Fire      #.......     100%        3    ###....
 Mephitic Cloud           Conj/Pois/Air  #.......     100%        3    ###....
 Summon Guardian Golem    Hex/Summ       #.......     100%        3    ###....
 Summon Ice Beast         Ice/Summ       #.......     100%        4    ####...
 Summon Lightning Spire   Summ/Air       #.......     100%        4    ####...
 Blade Hands              Tmut           ####......   100%        5    ######.


Dungeon Overview and Level Annotations

Branches:
Dungeon (8/15)             Temple (1/1) D:6            Lair (0/6) D:8

Altars:
Cheibriados
Dithmenos
Fedhas
Gozag
Hepliaklqana
Kikubaaqudgha
Makhleb
Nemelex Xobeh
Okawaru
Qazlal
Ru
Sif Muna
Trog
Uskayaw
Vehumet
Xom
Yredelemnul
Zin
The Shining One

Shops:
D:8 (


Innate Abilities, Weirdness & Mutations

You revert to your normal form in water.
You are very nimble and swift while swimming.
You are very stealthy in the water. (Stealth+)
You have somewhat slow reflexes. (EV -5)


Message History

The worker ant bites you but does no damage.
The death yak gores you but does no damage.
The worker ant bites you but does no damage.
You closely miss the worker ant. You block the worker ant's attack.
The worker ant bites you but does no damage.
The death yak gores you!
* * * LOW HITPOINT WARNING * * *
The death yak gores you but does no damage.
The worker ant bites you but does no damage. x2
The death yak completely misses you. The death yak gores you.
* * * LOW HITPOINT WARNING * * *
Aim: a worker ant (heavily wounded, inner flame, chance to defeat MR: 81%)
The worker ant is blasted.
The worker ant explodes!
The fiery explosion engulfs you! You resist.
* * * LOW HITPOINT WARNING * * *
The fiery explosion engulfs the hungry ghost.
The fiery explosion engulfs the death yak.
You are engulfed in blazing flames.
You resist.
The worker ant bites you but does no damage.
The death yak is engulfed in blazing flames.
You block the death yak's attack.
The death yak gores you but does no damage.
You block the worker ant's attack.
Unknown command.
You are engulfed in blazing flames.
You resist.
* * * LOW HITPOINT WARNING * * *
The death yak is engulfed in blazing flames.
The death yak snorts and paws the ground.
You block the death yak's attack. The hungry ghost hits you.
You are feeling very hungry.
The death yak is engulfed in blazing flames.
The death yak gores you but does no damage.
You block the hungry ghost's attack.
The death yak is engulfed in blazing flames.
You block the death yak's attack.
You are engulfed in blazing flames.
You resist.
* * * LOW HITPOINT WARNING * * *
The death yak is engulfed in blazing flames.
The death yak gores you!
* * * LOW HITPOINT WARNING * * *
You block the hungry ghost's attack.
The death yak is engulfed in blazing flames.
The death yak is engulfed in blazing flames. x3
The death yak explodes!
The fiery explosion engulfs the hungry ghost.
The hungry ghost explodes!
The fiery explosion engulfs the death yak.
The fiery explosion engulfs you! You resist.
You die...

.......## #..............#.####.
........# ##..........#.....###..
........###...<.....###........##
............####....#...###.#...#
............####[.#....## #.###..
...........).##§.####.## #.# #..
......#.....a§§Y§# #..####.# #..
.....###...###§§§# ##......###..
....###....# ###@####.######.##..
..#........## ##..##.# ##...#
###.....##..# ####### ##.... #
##....###.## ##.##.. #...#.###.##
##.###.# ##.#### ##.## #.## ###
### ##.# ### ###


You could see a death yak (inner flame) and a worker ant (inner flame).

Vanquished Creatures
  An oklob plant (D:6)
  The ghost of magicm the Cudgeler, a novice DsCK of Xom (D:5)
  Prince Ribbit (D:7)
  Sigmund (D:6)
  A vampire (D:7)
  The ghost of Bodigarde the Poker, an amateur MfGl (D:3)
  An orc warrior (D:6)
  4 porcupines (D:7)
  5 ogres
  A phantom (D:7)
  A centaur (D:5)
  A big kobold (D:8)
  2 bullfrogs
  4 scorpions
  A howler monkey (D:5)
  3 bullfrog zombies
  A crimson imp (D:6)
  2 hounds (D:4)
  A gnoll shaman (D:7)
  3 orc priests
  2 bullfrog skeletons (D:5)
  Crazy Yiuf (D:3)
  3 centaur skeletons
  12 orc wizards
  An iguana (D:5)
  A hell rat (D:8)
  3 worker ants
  7 adders
  11 gnolls
  A river rat (D:5)
  A shadow imp (D:7)
  2 oozes (D:5)
  4 adder skeletons
  An adder zombie (D:5)
  2 worms
  A dart slug (D:2)
  3 leopard geckos
  24 orcs
  2 ball pythons
  A giant cockroach (D:3)
  6 hobgoblins
  2 jackals (D:1)
  12 kobolds
  2 quokkas
  5 bats
  2 frilled lizards
  9 goblins
  3 rats
160 creatures vanquished.

Vanquished Creatures (collateral kills)
  An iguana (D:3)
1 creature vanquished.

Vanquished Creatures (others)
  An orc wizard (D:6)
1 creature vanquished.

Grand Total: 162 creatures vanquished

Notes
Turn   | Place    | Note
-------+----------+-------------------------------------------
     0 | D:1      | MalarOregon the Merfolk Transmuter began the quest for the
                  | Orb.
     0 | D:1      | Reached XP level 1. HP: 15/15 MP: 3/3
   200 | D:1      | Reached XP level 2. HP: 12/21 MP: 5/5
   420 | D:1      | You fall through a shaft!
   644 | D:2      | Learned a level 2 spell: Sticks to Snakes
   647 | D:2      | Reached XP level 3. HP: 24/27 MP: 4/6
   723 | D:2      | Learned a level 3 spell: Spider Form
  1651 | D:3      | Reached XP level 4. HP: 18/34 MP: 3/7
  1921 | D:3      | Reached XP level 5. HP: 14/39 MP: 5/8
  2312 | D:3      | Found a runed door.
  2504 | D:3      | Found a runed door.
  2505 | D:3      | Found the +2 hat of the Bear Spirit {Spirit, +Rage rN+
                  | MR++}
  2506 | D:3      | Noticed Bodigarde's ghost (amateur MfGl)
  2507 | D:3      | Found the +9 scales of the Dragon King {rPois rF+ rC+ MR+}
  3219 | D:4      | Reached XP level 6. HP: 47/47 MP: 5/9
  3511 | D:4      | Got a smoking whip
  3512 | D:4      | Identified the cursed +2 whip of Moral Flaws {slash, rElec
                  | rF+ Str+4 Dex+5} (You found it on level 4 of the Dungeon)
  3565 | D:4      | HP: 1/47 [ogre/giant club (26)]
  3566 | D:4      | Reached skill level 5 in Dodging
  3566 | D:4      | Reached skill level 5 in Transmutations
  3878 | D:4      | Found a snail-covered altar of Cheibriados.
  3927 | D:4      | Reached skill level 5 in Unarmed Combat
  3927 | D:4      | Reached XP level 7. HP: 46/53 MP: 3/10
  4405 | D:4      | Got a heavily runed scale mail
  4421 | D:4      | Identified the cursed +0 scale mail "Vyos" {Dex+5} (You
                  | found it on level 4 of the Dungeon)
  4722 | D:3      | Killed Bodigarde's ghost
  4968 | D:3      | Noticed Crazy Yiuf
  4999 | D:3      | Killed Crazy Yiuf
  5082 | D:5      | Entered Level 5 of the Dungeon
  5122 | D:5      | Learned a level 4 spell: Ice Form
  5308 | D:5      | Found a shimmering altar of Xom.
  5316 | D:5      | Reached XP level 8. HP: 61/61 MP: 12/12
  5624 | D:5      | Found a runed door.
  5649 | D:5      | Found a runed door.
  5851 | D:5      | Found a deep blue altar of Sif Muna.
  5880 | D:5      | Reached skill level 5 in Fighting
  6039 | D:5      | Found a burning altar of Makhleb.
  6041 | D:5      | Found an ancient bone altar of Kikubaaqudgha.
  6351 | D:5      | Noticed magicm's ghost (novice DsCK)
  6395 | D:5      | Reached skill level 1 in Armour
  6489 | D:5      | Killed magicm's ghost
  6489 | D:5      | Reached XP level 9. HP: 38/68 MP: 3/15
  6794 | D:6      | Noticed Sigmund
  6837 | D:6      | Killed Sigmund
  7219 | D:6      | Found a stormy altar of Qazlal.
  7219 | D:6      | Noticed an oklob plant
  7520 | D:6      | Killed an oklob plant
  7520 | D:6      | Reached skill level 1 in Shields
  7520 | D:6      | Reached skill level 1 in Evocations
  7677 | D:6      | Found a staircase to the Ecumenical Temple.
  7684 | Temple   | Entered the Ecumenical Temple
  7832 | Temple   | Became a worshipper of Ru the Awakened
  8654 | D:7      | Noticed Prince Ribbit
  9407 | D:7      | Killed Prince Ribbit
  9446 | D:7      | Gained mutation: You have somewhat slow reflexes. (EV -5)
                  | [Ru sacrifice]
  9446 | D:7      | Reached * piety under Ru
 10104 | D:8      | Found a staircase to the Lair.
 10104 | D:8      | Noticed a death yak
 10106 | D:8      | Noticed a two-headed ogre
 10106 | D:8      | Noticed a death yak
 10117 | D:7      | Reached XP level 10. HP: 59/77 MP: 13/17
 10231 | D:8      | Noticed a death yak
 10239 | D:7      | Reached skill level 5 in Spellcasting
 10368 | D:8      | Found Xegg's Weapon Shop.
 10814 | D:7      | Killed a death yak
 10814 | D:7      | Killed from afar by a hungry ghost

Skill      XL: |  1  2  3  4  5  6  7  8  9 10 |
---------------+-------------------------------+-----
Transmutations | 3 4 5 6 7 8 |  8.4
Dodging        | 3 4 5 7 8 |  8.4
Fighting       | 2 3 4 5 6 |  6.6
Unarmed Combat | 4 5 6 7 |  7.4
Spellcasting   | 3 4 5 |  5.1
Armour         | 1 2 3 |  3.0
Shields        | 2 |  2.8
Evocations     | 2 |  2.5

Action                   |  1- 3 |  4- 6 |  7- 9 | 10-12 || total
-------------------------+-------+-------+-------+-------++-------
Melee: Unarmed           |   120 |    88 |     8 |       ||   216
       Headbutt          |    12 |     1 |       |       ||    13
       Punch             |     1 |     2 |     8 |       ||    11
       Whip              |       |     5 |   705 |   123 ||   833
 Cast: Beastly Appendage |    26 |     2 |       |       ||    28
       Spider Form       |     1 |    13 |       |       ||    14
       Sticks to Snakes  |       |    17 |     6 |       ||    23
Invok: Sacrifice Health  |       |       |     1 |       ||     1
 Abil: Evoke Berserk Rag |       |       |     1 |     2 ||     3
Evoke: Wand              |       |       |    16 |    31 ||    47
  Use: Scroll            |       |     7 |     2 |     3 ||    12
       Potion            |       |     4 |     1 |     2 ||     7
 Stab: Sleeping          |       |     1 |       |       ||     1
       Distracted        |       |       |       |     1 ||     1
  Eat: Chunk             |     3 |     3 |    28 |       ||    34
       Ration            |       |     2 |     1 |     2 ||     5
Armor: Robe              |    45 |     8 |     5 |       ||    58
       Skin              |       |     2 |       |       ||     2
       Gold dragon scale |       |       |   634 |   228 ||   862
       Scale mail        |       |       |     2 |       ||     2
Dodge: Dodged            |    73 |    80 |    51 |     9 ||   213
Block: Shield            |       |       |   122 |   139 ||   261
       Reflection        |       |       |     1 |     2 ||     3
